 Dungeon Crawl Stone Soup version 0.26-a0-831-g7192265339 (webtiles) character file.

Game seed: 5971687992788350201

193 Demosthentine the Shield-Bearer (level 6, -2/48 HPs)
             Began as a Formicid Fighter on Nov 15, 2020.
             Slain by Pikel
             ... wielding a +0 whip of flaming
              (4 damage)
             ... on level 3 of the Dungeon.
             The game lasted 00:02:13 (2616 turns).

Demosthentine the Shield-Bearer (Formicid Fighter)  Turns: 2616, Time: 00:02:14

Health: -2/48      AC:  7    Str: 22    XL:     6   Next: 3%
Magic:  6/6        EV:  9    Int:  8    God:
Gold:   171        SH: 10    Dex: 10    Spells: 5/5 levels left

rFire    . . .     SeeInvis +   a - +0 war axe
rCold    . . .     Faith    .   c - +0 kite shield
rNeg     . . .     Spirit   .   b - +0 scale mail
rPois    .         Reflect  .   (helmet unavailable)
rElec    .         Harm     .   (no cloak)
rCorr    .         Rampage  .   (no gloves)
MR       .....                  (no boots)
Stlth    ..........             (no amulet)
HPRegen  0.16/turn              (no ring)
MPRegen  0.10/turn              (no ring)

@: no status effects
A: permanent stasis, dig shafts and tunnels, four strong arms, antennae 3
a: Dig, Shaft Self


You were on level 3 of the Dungeon.
You visited 1 branch of the dungeon, and saw 4 of its levels.

You collected 171 gold pieces.

Inventory:

Hand Weapons
 a - a +0 war axe (weapon)
Armour
 b - a +0 scale mail (worn)
 c - a +0 kite shield (worn)
Scrolls
 g - 2 scrolls of remove curse
Potions
 d - a potion of might
 h - a potion of cancellation
 i - 2 potions of lignification
 j - a potion of mutation
 k - a potion of berserk rage


   Skills:
 + Level 4.2 Fighting
 + Level 3.1 Axes
 + Level 4.2 Armour
 + Level 1.8 Dodging
 + Level 4.6 Shields


You had 5 spell levels left.
You didn't know any spells.
Your spell library was empty.

Dungeon Overview and Level Annotations

Branches:
Dungeon (4/15)
 Temple: D:4-7

Altars:
Dithmenos

Annotations:
D:3 Pikel


Innate Abilities, Weirdness & Mutations

You cannot be hasted, slowed, berserked, paralysed or teleported.
You can dig through walls and to a lower floor.
Your four strong arms can wield two-handed weapons with a shield.
You have a pair of large antennae on your head. (SInv)


Message History

* * * LOW HITPOINT WARNING * * *
The lemure barely misses you.
Okay, then.
You hit Pikel but do no damage.
Pikel is heavily wounded.
You hit the lemure but do no damage.
Pikel hits you with a +0 whip of flaming.
* * * LOW HITPOINT WARNING * * *
Pikel burns you.
* * * LOW HITPOINT WARNING * * *
The lemure closely misses you.
You hit Pikel.
Pikel is heavily wounded.
You closely miss the lemure. You block Pikel's attack.
You block the lemure's attack.
You closely miss Pikel.
Pikel is heavily wounded.
You closely miss the lemure.
Pikel hits you with a +0 whip of flaming.
You die...

#............########........#..
##.#####.###.# #.##.....#.# #.#
#.###.########.##.......# #.#
#.#............##..#..### #.#
#.#.#.###########..#.†### #.#
#.#.#.# #....>... #.# #.#.#.#
#.##..### #.#####.#.#.######
#.##..#
#.##.........5@K5######.##..#
###.##.##.....####............###
..†.##.#...............[.........
.#####.##.....###########.##.####
.# #.###..[## #.##.### .#####.#
##.## #.##...# .#.....# ###
#.####.# .#.##### #.# #.# .#.#
#.# #.#


You could see Pikel and 2 lemures.

Vanquished Creatures
  A lemure (D:3)
  2 hounds (D:3)
  A gnoll (D:3)
  4 adders
  2 worms
  A dart slug (D:1)
  4 leopard geckos
  4 orcs (D:3)
  5 giant cockroaches (D:3)
  12 goblins
  9 hobgoblins
  3 jackals (D:3)
  A quokka (D:2)
  A ball python (D:1)
  6 bats
  4 frilled lizards
  5 kobolds
  8 rats
73 creatures vanquished.

Notes
Turn   | Place    | Note
-------+----------+-------------------------------------------
     0 | D:1      | Demosthentine the Formicid Fighter began the quest for the
                  | Orb.
     0 | D:1      | Reached XP level 1. HP: 18/18 MP: 1/1
    64 | D:1      | Reached XP level 2. HP: 23/24 MP: 2/2
   477 | D:1      | Reached XP level 3. HP: 29/29 MP: 3/3
   817 | D:2      | Reached skill level 1 in Dodging
   995 | D:2      | Reached XP level 4. HP: 35/37 MP: 4/4
  1485 | D:3      | Found a shadowy altar of Dithmenos.
  1984 | D:3      | Reached XP level 5. HP: 37/42 MP: 5/5
  2300 | D:3      | Reached XP level 6. HP: 22/48 MP: 6/6
  2512 | D:4      | Noticed Pikel
  2609 | D:3      | HP: 2/48 [Pikel/+0 whip of flaming (1)]
  2614 | D:3      | HP: 2/48 [Pikel/+0 whip of flaming (2)]
  2616 | D:3      | Slain by Pikel

Illustrated notes

Levels and vault maps discovered:
D:1:      scummos_arrival_gate, layout_loops_ring
D:2:      layout_rooms, serial_curves, eino_curves_01, eino_curves_02
D:3:      layout_loops_ring, grunt_dithmenos_smoke, cheibrodos_gnoll_hut
D:4:      corexii_shantytown, layout_rooms, minmay_temple_entry_grid, uniq_pikel

Skill      XL: |  1  2  3  4  5 |
---------------+----------------+-----
Shields        | 4 |  4.6
Dodging        | 1 |  1.8
Fighting       | 4 |  4.2
Armour         | 4 |  4.2
Axes           | 3 |  3.1

Action                   |  1- 3 |  4- 6 || total
-------------------------+-------+-------++-------
Melee: War axe           |   104 |   140 ||   244
  Use: Scroll            |     1 |     7 ||     8
       Potion            |       |     2 ||     2
Armor: Scale mail        |    38 |    68 ||   106
Dodge: Dodged            |    47 |    51 ||    98
Block: Kite shield       |    64 |    98 ||   162

Table legend: (Time is in decaauts)
 A = Elapsed time spent in this place.
 B = Non-inter-level travel time spent in this place.
 C = Inter-level travel time spent in this place.
 D = Time resting spent in this place.
 E = Time spent auto-exploring this place.
 F = Levels seen in this place.
 G = Mean time per level.
                   A        B        C        D        E       F      G
               +--------+--------+--------+--------+--------+-----+--------+
         Total |   2721 |   2643 |     78 |    377 |   1689 |   4 |  680.2 |
       Dungeon |   2721 |   2643 |     78 |    377 |   1689 |   4 |  680.2 |
               +--------+--------+--------+--------+--------+-----+--------+

Top non-repeatable levels by time:
     D:3: 1245 daAuts
     D:1: 740 daAuts
     D:2: 721 daAuts
     D:4: 14 daAuts
